 Dungeon Crawl Stone Soup version 0.28-a0-1130-gc51a68064b (webtiles) character file.

Game seed: 8520662459486454937

830 mandarbmax the Ruffian (level 7, -5/70 HPs)
             Began as a Troll Cinder Acolyte on Dec 12, 2021.
             Was a High Priest of Ignis.
             Slain by Duvessa (9 damage)
             ... on level 5 of the Dungeon on Dec 13, 2021.
             The game lasted 00:09:42 (3210 turns).

mandarbmax the Ruffian (Troll Cinder Acolyte)       Turns: 3210, Time: 00:09:43

Health: -5/70      AC: 11    Str: 21    XL:     7   Next: 65%
Magic:  7/7        EV: 10    Int: 10    God:    Ignis [*****.]
Gold:   201        SH:  5    Dex:  7    Spells: 8/8 levels left

rFire   + . .      SeeInvis .     - Unarmed
rCold   . . .      Faith    .   (no shield)
rNeg    . . .      Spirit   .   a - +0 robe
rPois   .          Reflect  +   (helmet restricted)
rElec   .          Harm     .   (no cloak)
rCorr   .          Rampage  .   (gloves unavailable)
Will    .....                   (boots unavailable)
Stlth   +.........              h - amulet of reflection
HPRegen 1.01/turn               (no ring)
MPRegen 0.10/turn               (no ring)

@: brilliant, fiery-armoured, flying, unable to read
A: large, unfitting armour, claws 3, regeneration 1, shaggy fur 1, tough skin 1,
talons 1, weak 1, inability to read while threatened
a: Renounce Religion, Fiery Armour, Foxfire Swarm, Rising Flame


You were on level 5 of the Dungeon.
You worshipped Ignis.
Ignis was extremely pleased with you.
You visited 1 branch of the dungeon, and saw 5 of its levels.

You collected 201 gold pieces.

Inventory:

Missiles
 i - 13 poisoned darts (quivered)
 o - 2 boomerangs
Armour
 a - a +0 robe (worn)
Jewellery
 h - an amulet of reflection (around neck)
Scrolls
 b - a scroll of blinking {unknown}
 d - 3 scrolls of immolation
 f - 4 scrolls of enchant armour {unknown}
 g - a scroll of noise {unknown}
 k - 2 scrolls of identify {unknown}
 m - a scroll of enchant weapon {unknown}
 q - a scroll of amnesia {unknown}
 r - 2 scrolls of teleportation {unknown}
Potions
 c - a potion of ambrosia {unknown}
 e - a potion of flight
 j - a potion of invisibility {unknown}
 l - a potion of mutation
 n - a potion of curing
 p - a potion of berserk rage {unknown}
 s - a potion of brilliance
 t - a potion of cancellation {unknown}


   Skills:
 + Level 4.3 Fighting
 + Level 3.3 Dodging
 * Level 6.8 Unarmed Combat
 - Level 1.0 Spellcasting
 - Level 2.1 Fire Magic


You had 8 spell levels left.
You didn't know any spells.
Your spell library contained the following spells:

 Spells                   Type           Power      Damage    Failure   Level
 Scorch                   Fire           14%        2d6       22%         2


Dungeon Overview and Level Annotations

Branches:
Dungeon (5/15)
 Temple: D:4-7

Altars:
Hepliaklqana

Annotations:
D:5 Duvessa


Innate Abilities, Weirdness & Mutations

You are too large for most types of armour.
You have claws for hands.
Your natural rate of healing is unusually fast.
You are covered in fur. (AC +1)
You have tough skin. (AC +1)
You have sharp toenails.
You are weak. (Str -2)
You sometimes lose the ability to read scrolls when taking damage.


Message History

You closely miss Duvessa. Your kick misses Duvessa.
Duvessa hits you with a +0 short sword!
You feel threatened and lose the ability to read scrolls!
You claw Duvessa! You claw Duvessa, but do no damage.
Duvessa is moderately wounded.
Duvessa hits you with a +0 short sword! Duvessa closely misses you.
You claw Duvessa!
Duvessa is heavily wounded.
Duvessa misses you.
You claw Duvessa! You claw Duvessa, but do no damage.
Duvessa is severely wounded.
Duvessa hits you but does no damage.
You scratch Duvessa but do no damage.
Duvessa is severely wounded.
You block Duvessa's attack. Duvessa hits you with a +0 short sword!
You closely miss Duvessa. You claw Duvessa.
Duvessa is severely wounded.
Duvessa hits you with a +0 short sword!
* * * LOW HITPOINT WARNING * * *
You claw Duvessa! Your kick misses Duvessa.
Duvessa is almost dead.
Duvessa hits you with a +0 short sword!
* * * LOW HITPOINT WARNING * * *
A protective cloak of flame settles atop you.
Duvessa hits you with a +0 short sword.
* * * LOW HITPOINT WARNING * * *
Duvessa is burned by your cloak of flames.
Duvessa is almost dead.
Duvessa closely misses you.
Unknown command.
You scratch Duvessa. You claw Duvessa.
Duvessa is almost dead.
Duvessa completely misses you.
You scratch Duvessa but do no damage. Your kick misses Duvessa.
Duvessa is almost dead.
You block Duvessa's attack.
You scratch Duvessa but do no damage.
Duvessa is almost dead.
Duvessa hits you with a +0 short sword!
You die...

.#...#....................
...###........)...........
##.# #.####.......†.......
#..# #.# ##..##....#.....
.#.# #.# ##...##..........
.#...... ...#..##....#....
.....8. .8.....#....##.###
.#......................#
##.#.....8....##@#...####
#....#....... #e#.......
.....###.... #(##......
.....# . #.......## ....
......(....#... .#..
.....###..###.. .##. (....
.## .. .. ##.# .# .. #. ..


You could see Duvessa (berserk).

Vanquished Creatures
  A water moccasin (D:5)
  A necrophage (D:5)
  A sky beast (D:5)
  An ogre (D:5)
  A scorpion (D:5)
  Dowan (D:5)
  A crimson imp (D:4)
  A centaur zombie (D:5)
  A hound (D:5)
  2 orc priests (D:5)
  The ghost of flotson the Sneak, a weakling DsDe of Hepliaklqana (D:4)
  6 adders
  3 gnolls
  A white imp (D:4)
  An ufetubus (D:5)
  A dart slug (D:3)
  8 orcs
  4 endoplasms
  14 giant cockroaches
  7 goblins
  4 hobgoblins
  5 kobolds
  6 quokkas
  8 ball pythons
  2 bats (D:1)
  6 frilled lizards
  2 rats (D:2)
90 creatures vanquished.

Notes
Turn   | Place    | Note
-------+----------+-------------------------------------------
     0 | D:1      | mandarbmax the Troll Cinder Acolyte began the quest for the
                  | Orb.
     0 | D:1      | Reached XP level 1. HP: 22/22 MP: 1/1
    48 | D:1      | Found a faded altar of an unknown god.
    84 | D:1      | Reached XP level 2. HP: 21/29 MP: 2/2
   979 | D:2      | Reached XP level 3. HP: 30/36 MP: 3/3
  1031 | D:1      | Reached skill level 1 in Dodging
  1170 | D:2      | Reached skill level 4 in Unarmed Combat
  1368 | D:2      | Reached XP level 4. HP: 44/44 MP: 4/4
  2078 | D:4      | Found a runed translucent door.
  2156 | D:4      | Reached XP level 5. HP: 45/53 MP: 5/5
  2384 | D:4      | Found a hazy altar of Hepliaklqana.
  2855 | D:4      | Reached skill level 5 in Unarmed Combat
  2858 | D:4      | Noticed flotson's ghost (weakling DsDe)
  2870 | D:4      | Killed flotson's ghost
  2940 | D:5      | Entered Level 5 of the Dungeon
  2941 | D:5      | Noticed a sky beast
  2954 | D:5      | Killed a sky beast
  2955 | D:5      | Reached XP level 6. HP: 61/61 MP: 6/6
  3018 | D:5      | Reached skill level 6 in Unarmed Combat
  3020 | D:5      | Reached XP level 7. HP: 66/68 MP: 7/7
  3182 | D:5      | Noticed Dowan
  3183 | D:5      | Noticed Duvessa
  3196 | D:5      | Gained mutation: You sometimes lose the ability to read
                  | scrolls when taking damage. [potion of mutation]
  3196 | D:5      | Gained mutation: You are weak. (Str -2) [potion of
                  | mutation]
  3196 | D:5      | Gained mutation: You have sharp toenails. [potion of
                  | mutation]
  3197 | D:5      | Killed Dowan
  3206 | D:5      | HP: 3/70 [Duvessa (17)]
  3210 | D:5      | Slain by Duvessa

Illustrated notes

Levels and vault maps discovered:
D:1:      eino_arrival_water_star, layout_basic,
          hellmonk_ecumenical_altar_blasted, minmay_heptomino_l4
D:2:      minmay_roachtagon, layout_basic, feat_on_display
D:3:      layout_basic
D:4:      layout_basic, worldfamousw_hep_ancestral_shrine,
          ebering_ghost_reflecting_pool, minmay_fire_ice_demons
D:5:      layout_cave_pools, evilmike_ruin_ashenzari, serial_column_ruins,
          column_ruins_open_tiny, column_ruins_grid_1,
          column_ruins_corridor_corner, column_ruins_columns_straight,
          column_ruins_columns_corner, column_ruins_columns_corner,
          chequers_garden, uniq_duvessa

Skill      XL: |  1  2  3  4  5  6  7 |
---------------+----------------------+-----
Dodging        | 1 2 3 |  3.3
Unarmed Combat | 4 5 6 |  6.8
Fighting       | 3 4 |  4.3
Spellcasting   | |  1.0
Fire Magic     | |  2.1

Action                   |  1- 3 |  4- 6 |  7- 9 || total
-------------------------+-------+-------+-------++-------
Melee: Unarmed           |    94 |   139 |    51 ||   284
       Punch             |     2 |     3 |     1 ||     6
       Kick              |       |       |     5 ||     5
Throw: Dart              |    16 |    41 |     8 ||    65
       Boomerang         |       |     5 |     1 ||     6
Invok: Fiery Armour      |       |       |     1 ||     1
  Use: Potion            |       |     1 |     5 ||     6
Armor: Robe              |    21 |    25 |    11 ||    57
Dodge: Dodged            |    33 |    46 |    18 ||    97
Block: Other             |    16 |    24 |    14 ||    54
       Reflection        |       |     1 |       ||     1

Table legend: (Time is in decaauts)
 A = Elapsed time spent in this place.
 B = Non-inter-level travel time spent in this place.
 C = Inter-level travel time spent in this place.
 D = Time resting spent in this place.
 E = Time spent auto-exploring this place.
 F = Levels seen in this place.
 G = Mean time per level.
                   A        B        C        D        E       F      G
               +--------+--------+--------+--------+--------+-----+--------+
         Total |   3191 |   3114 |     77 |     72 |   2378 |   5 |  638.2 |
       Dungeon |   3191 |   3114 |     77 |     72 |   2378 |   5 |  638.2 |
               +--------+--------+--------+--------+--------+-----+--------+

Top non-repeatable levels by time:
     D:4: 909 daAuts
     D:2: 884 daAuts
     D:1: 637 daAuts
     D:3: 497 daAuts
     D:5: 262 daAuts
